 Dungeon Crawl Stone Soup version 0.23-a0-642-g3120c2f (webtiles) character file.

678 Darkshadow the Cudgeler (level 7, -4/62 HPs)
             Began as a Minotaur Berserker on Dec 30, 2018.
             Was a Priest of Trog.
             Killed by nerve-wracking pain
             ... invoked by a shadow imp
              (10 damage)
             ... on level 5 of the Dungeon.
             The game lasted 00:07:25 (3214 turns).

Darkshadow the Cudgeler (Minotaur Berserker)        Turns: 3214, Time: 00:07:26

Health: -4/62      AC: 12    Str: 28    XL:     7   Next: 34%
Magic:  6/6        EV: 10    Int:  4    God:    Trog [***...]
Gold:   206        SH:  0    Dex: 11    Spells: 6/6 levels left

rFire    . . .     SeeInvis .   a - +0 mace
rCold    . . .     Gourm    .   (no shield)
rNeg     . . .     Faith    .   w - +0 chain mail
rPois    .         Spirit   .   (helmet restricted)
rElec    .         Reflect  .   p - +0 cloak
rCorr    .         Harm     .   f - +0 pair of gloves
MR       .....                  (no boots)
Stlth    ..........             (no amulet)
HPRegen  0.20/turn              m - +3 ring of strength
MPRegen  0.10/turn              u - +3 ring of strength

@: no status effects
A: retaliatory headbutt, horns 2
a: Berserk, Trog's Hand, Renounce Religion


You were on level 5 of the Dungeon.
You worshipped Trog.
Trog was most pleased with you.
You were not hungry.

You visited 1 branch of the dungeon, and saw 5 of its levels.

You collected 206 gold pieces.

Inventory:

Hand Weapons
 a - a +0 mace (weapon)
Missiles
 e - 95 stones (quivered)
Armour
 b - a +0 animal skin
 f - a +0 pair of gloves (worn)
 p - a +0 cloak (worn)
 w - a +0 chain mail (worn)
Jewellery
 m - a +3 ring of strength (left hand)
 u - a +3 ring of strength (right hand)
Wands
 j - a wand of paralysis (4)
Scrolls
 d - 3 scrolls of teleportation
 g - a scroll of immolation {unknown}
 i - 2 scrolls of remove curse {@r2}
 l - 3 scrolls of identify {@r1}
 n - a scroll of noise {unknown}
 o - a scroll of amnesia {unknown}
 x - a scroll of enchant armour {unknown}
 y - a scroll of blinking {unknown}
Potions
 h - 5 potions of curing {@q1}
 k - a potion of brilliance {unknown}
 q - a potion of agility {unknown}
 r - 3 potions of degeneration {unknown}
 s - a potion of flight {unknown}
 t - a potion of haste {unknown}
 v - a potion of mutation {unknown}
Comestibles
 c - 5 rations


   Skills:
 + Level 5.9 Fighting
 * Level 7.4 Maces & Flails
 + Level 5.1 Armour
 - Level 3.2 Dodging


You had 6 spell levels left.
You didn't know any spells.
Your spell library was empty.

Dungeon Overview and Level Annotations

Branches:
Dungeon (5/15)
 Temple: D:4-7

Altars:
Ashenzari
Cheibriados
Gozag
Hepliaklqana
Kikubaaqudgha
Nemelex Xobeh
Okawaru
Trog

Shops:
D:4 %}[[


Innate Abilities, Weirdness & Mutations

You reflexively headbutt those who attack you in melee.
You have a pair of horns on your head.


Message History

You sock the orc wizard!
The orc wizard is heavily wounded.
The shadow imp hits you but does no damage.
The jackal skeleton bites you but does no damage.
The orc wizard barely misses you.
You closely miss the orc wizard.
You headbutt the orc wizard, but do no damage.
The orc wizard is heavily wounded.
The orc warrior closely misses you. The jackal skeleton closely misses you.
The shadow imp closely misses you. You furiously retaliate!
You headbutt the shadow imp, but do no damage.
The orc wizard hits you but does no damage.
You sock the orc wizard!
The orc wizard is almost dead.
The jackal skeleton bites you but does no damage.
The orc warrior hits you from afar with a +0 halberd.
* * * LOW HITPOINT WARNING * * *
The shadow imp gestures at you. Pain shoots through your body!
You die...

##............#........
.......#................
.#.....#................
.#<#..##..............#
.#+#..##..............#
.......#..............#
.)...###.....†o.......#
.........#####.5Z?....#
##'###### #.)@o.$..# #.#
#........# #.#
#........###### #.#
#######........ #.#
######.####### #.#####
#.........# #.....#
#.####.##.# #####.#
#.#..#.# # #.# #....#..


You could see an orc warrior, an orc wizard, a shadow imp and a jackal skeleton.

Vanquished Creatures
  Duvessa (D:4)
  A bullfrog (D:2)
  Dowan (D:4)
  A scorpion (D:4)
  A crimson imp (D:4)
  A hound (D:4)
  A centaur skeleton (D:4)
  2 orc priests (D:3)
  3 orc wizards
  2 worker ants (D:4)
  A hound skeleton (D:4)
  3 adders (D:2)
  A gnoll (D:1)
  2 oozes
  4 worms
  A dart slug (D:5)
  3 leopard geckos
  2 orcs
  4 ball pythons
  5 giant cockroaches
  10 goblins
  9 hobgoblins
  4 jackals (D:2)
  2 bats
  4 frilled lizards
  A kobold (D:2)
  A quokka skeleton (D:4)
  8 rats
79 creatures vanquished.

Notes
Turn   | Place    | Note
-------+----------+-------------------------------------------
     0 | D:1      | Darkshadow the Minotaur Berserker began the quest for the
                  | Orb.
     0 | D:1      | Reached XP level 1. HP: 19/19 MP: 0/0
   136 | D:1      | Reached XP level 2. HP: 20/27 MP: 1/1
   480 | D:1      | Found a shattered altar of Ashenzari.
   486 | D:1      | Reached skill level 4 in Maces & Flails
   518 | D:1      | Reached ** piety under Trog
   549 | D:1      | Reached XP level 3. HP: 33/33 MP: 2/2
  1034 | D:2      | Found a sparkling altar of Nemelex Xobeh.
  1304 | D:2      | Reached XP level 4. HP: 35/40 MP: 3/3
  1366 | D:2      | Found a hazy altar of Hepliaklqana.
  1557 | D:2      | Noticed a bullfrog
  1561 | D:2      | Killed a bullfrog
  1561 | D:2      | Reached skill level 5 in Maces & Flails
  1561 | D:2      | Reached XP level 5. HP: 39/47 MP: 4/4
  1703 | D:3      | Found an opulent altar of Gozag.
  1844 | D:3      | Found a snail-covered altar of Cheibriados.
  1946 | D:3      | Reached skill level 5 in Fighting
  1946 | D:3      | Reached skill level 6 in Maces & Flails
  1946 | D:3      | Reached XP level 6. HP: 33/56 MP: 5/5
  2299 | D:4      | Found Webruopp's Armour Shoppe.
  2300 | D:4      | Found Wereff's Armour Shoppe.
  2302 | D:4      | Found Ruragra's Food Shoppe.
  2302 | D:4      | Found Bapnadem's Gadget Shoppe.
  2302 | D:4      | Reached *** piety under Trog
  2599 | D:4      | Found a bloodstained altar of Trog.
  2806 | D:4      | Noticed Duvessa
  2806 | D:4      | Noticed Dowan
  2813 | D:4      | Killed Duvessa
  2813 | D:4      | Reached skill level 7 in Maces & Flails
  2813 | D:4      | Reached XP level 7. HP: 62/62 MP: 6/6
  2815 | D:4      | Killed Dowan
  2815 | D:4      | Reached skill level 5 in Armour
  2995 | D:4      | Found an ancient bone altar of Kikubaaqudgha.
  2995 | D:4      | Found an iron altar of Okawaru.
  3042 | D:5      | Entered Level 5 of the Dungeon
  3214 | D:5      | Killed from afar by a shadow imp

Vault maps used:
D:1:      mrwooster_arrival_statue_3, evilmike_ruin_ashenzari
D:2:      old_standard_altar, lemuel_coloured_pillars_altar
D:3:      lemuel_crystal_altar, grunt_gozag_breadcrumbs, okawaru_gym_becter,
          uniq_ijyb
D:4:      bloody_trog, gammafunk_temple_overflow_wave, minmay_shop_grid_forest,
          uniq_duvessa
D:5:      minmay_temple_entry_overgrown, first_ration

Skill      XL: |  1  2  3  4  5  6  7 |
---------------+----------------------+-----
Maces & Flails | 4 5 6 7 |  7.4
Fighting       | 4 5 |  5.9
Armour         | 3 4 5 |  5.1
Dodging        | 3 |  3.2

Action                   |  1- 3 |  4- 6 |  7- 9 || total
-------------------------+-------+-------+-------++-------
Melee: Mace              |    63 |    84 |    25 ||   172
       Headbutt          |    11 |    12 |     4 ||    27
Throw: Stone             |       |     9 |       ||     9
Invok: Berserk           |     2 |     4 |       ||     6
       Trog's Hand       |       |       |     1 ||     1
  Use: Scroll            |       |       |     3 ||     3
 Stab: Sleeping          |     2 |       |       ||     2
  Eat: Chunk             |     2 |     8 |       ||    10
       Ration            |       |       |     1 ||     1
Armor: Animal skin       |     8 |    17 |       ||    25
       Chain mail        |       |       |     7 ||     7
Dodge: Dodged            |    43 |    45 |    14 ||   102

Table legend:
 A = Non-vault XP
 B = Vault XP
 C = Vault XP percentage of total XP
 D = Non-vault monster count
 E = Vault monster count
 F = Vault count percentage of total count
                 A         B        C        D         E       F
            +---------+---------+-------+---------+---------+-------
      Total |     746 |     223 |  23.0 |      77 |       2 |   2.5
            +---------+---------+-------+---------+---------+-------
        D:1 |      49 |       0 |   0.0 |      23 |       0 |   0.0
        D:2 |     164 |       0 |   0.0 |      20 |       0 |   0.0
        D:3 |     188 |       0 |   0.0 |      19 |       0 |   0.0
        D:4 |     297 |     223 |  42.9 |      11 |       2 |  15.4
        D:5 |      48 |       0 |   0.0 |       4 |       0 |   0.0
            +---------+---------+-------+---------+---------+-------
